 Dungeon Crawl Stone Soup version 0.31-a0-750-gfe7b580527 (webtiles) character file.

Game seed: 5877073286411493792

5314 Dittersdorf the Blocker (level 10, -16/88 HPs)
             Began as a Gargoyle Fighter on Sept 14, 2023.
             Was an Elder of Okawaru.
             Demolished by a death yak (17 damage)
             ... on level 7 of the Dungeon.
             The game lasted 00:14:16 (7147 turns).

Dittersdorf the Blocker (Gargoyle Fighter)          Turns: 7147, Time: 00:14:16

Health: -16/88     AC: 25    Str: 22 (24) XL:     10   Next: 64%
Magic:  8/10       EV:  2    Int:  7 (9)  God:    Okawaru [****..]
Gold:   440        SH: 11    Dex:  6 (9)  Spells: 9/9 levels left

rFire   . . .        a - +3 morningstar
rCold   . . .        c - +0 buckler
rNeg    + + .        E - melded +2 chain mail {rN+}
rPois   ∞            (helmet currently unavailable)
rElec   .            w - melded +0 cloak
rCorr   .            m - melded +1 pair of gloves {hurl}
SInv    +            q - melded +2 pair of slick slippers {slick, slippery, EV+4}
Will    .....        l - amulet of reflection
Stlth   ++           z - ring of positive energy
HPRegen 0.00/turn    H - ring of see invisible
MPRegen 0.12/turn

%: reflection
@: brilliant, tree-form (expiring), weak-willed, heroic, attractive, inhibited
regen, studying Dodging, invisible
A: stationary, stasis, torment immunity, boosted hp, sickness immunity, AC +7,
negative energy resistance 1, (electricity resistance), torment resistance 1,
petrification resistance, frail 1, inhibited regeneration
a: Renounce Religion, Heroism, Finesse


You were on level 7 of the Dungeon.
You worshipped Okawaru.
Okawaru was greatly pleased with you.
You were a tree.
You visited 1 branch of the dungeon, and saw 8 of its levels.

You collected 440 gold pieces.

Inventory:

Hand Weapons
 a - a +3 morningstar (weapon)
Armour
 c - a +0 buckler (worn)
 m - a +1 pair of gloves of hurling (melded)
 q - the +2 pair of slick slippers (melded) {slick, slippery, EV+4}
   (You found it on level 3 of the Dungeon)

   Slick:     Its wearer cannot be constricted, engulfed, netted or webbed.
   Slippery:  Its wearer slips away from damaging melee attacks, pulling the
   attacker onward.
   EV+4:      It affects your evasion (+4).
 w - a +0 cloak (melded)
 E - a +2 chain mail of positive energy (melded)
Jewellery
 l - an amulet of reflection (around neck)
 z - a ring of positive energy (left branch)
 H - a ring of see invisible (right branch)
Wands
 y - a wand of digging (6)
Scrolls
 h - 2 scrolls of revelation
 i - 3 scrolls of enchant armour
 j - 2 scrolls of poison
 s - a scroll of blinking
Potions
 r - a potion of magic
 A - a potion of degeneration
 F - a potion of enlightenment


   Skills:
 + Level 9.1(14.1) Fighting
 + Level 8.0(13.0) Maces & Flails
 - Level 6.3(11.3) Armour
 + Level 7.1(12.1) Dodging
 + Level 9.1(14.1) Shields


You had 9 spell levels left.
You didn't know any spells.
Your spell library contained the following spells:

 Spells                   Type           Power      Damage    Failure   Level
 Blink                    Tloc           0%         N/A       61%         2
 Manifold Assault         Tloc           0%         N/A       99%         4
 Conjure Ball Lightning   Conj/Air       0%         3x3d6     100%        6
 Discord                  Hex            0%         N/A       100%        8
 Disjunction              Tloc           0%         N/A       100%        8


Dungeon Overview and Level Annotations

Branches:
Dungeon (8/15)             Temple (0/1) D:7            Lair (0/5) D:8

Altars:
Elyvilon
Makhleb
Nemelex Xobeh
Okawaru
Yredelemnul

Shops:
D:6 [

Annotations:
D:4 1 runed translucent door, Sundig's ghost, amateur HuFi


Innate Abilities, Weirdness & Mutations

You are a tree.
Your roots penetrate the ground, keeping you stationary.
You cannot be teleported.
You are immune to unholy pain and torment.
Your maximum health is greatly increased.
Your equipment is partially melded.
You are immune to sickness and miasma.
((Your stone body is resilient. (AC +7)))
You are immune to poison.
You resist negative energy. (rN+)
((You are resistant to electric shocks. (rElec)))
You are resistant to unholy torment.
You are immune to petrification.
You are frail. (-10% HP)
You do not regenerate when monsters are visible.


Message History

You feel forgetful for a moment. The death yak gores you.
* * * LOW HITPOINT WARNING * * *
As you read the scroll labelled VYRIWOQOINECS, it crumbles to dust.
Magic quickly surges around you.
It was a scroll of vulnerability.
The death yak gores you.
* * * LOW HITPOINT WARNING * * *
Autopickup disabled for scrolls of vulnerability.
You drop 2 scrolls of vulnerability.
You block the death yak's attack.
You stop dropping stuff.
As you read the scroll labelled IRUDDE WYSH, it dissolves into smoke.
It was a scroll of fog.
The death yak gores you.
* * * LOW HITPOINT WARNING * * *
As you read the scroll labelled PUECSINNIV, it crumbles to dust.
You cannot blink because you are held in place by your roots.
It was a scroll of blinking.
The death yak barely misses you.
Nothing appears to happen.
As you read the scroll labelled JIZONY NAHOHE, it crumbles to dust.
It was a scroll of poison.
The death yak gores you.
* * * LOW HITPOINT WARNING * * *
You feel extremely strange.
You begin to regenerate regardless of the presence of monsters.
You feel stupid.
You feel clever.
You feel resistant to heat.
You feel more resistant to heat. The death yak barely misses you.
You feel extremely strange.
You feel less heat resistant.
You no longer feel heat resistant.
You feel frail.
Your regeneration stops near monsters.
Your transformation is almost over.
You block the death yak's attack.
You gain the combat prowess of a mighty hero.
The death yak gores you.
* * * LOW HITPOINT WARNING * * *
You fail to use your ability.
The death yak gores you but does no damage.
You hit the death yak but do no damage.
The death yak gores you but does no damage.
You sock the death yak!
The death yak is lightly wounded.
The death yak gores you!
You die...

##### #...# #######...#
#.....'...# #.#####...#
####.#####...##############
..............§§♣YY[>)....#
####.#####...#######[####.#
...#.# #.### #.# #.# #..#.#
#.# #.# #.# .....# #.# #.#
#.# #..#######.#########.#
#.# ................[..#.#
#.# ...................#.#
#.# ....)..............#.#
#.######


You could see 2 death yaks.

Vanquished Creatures
  A two-headed ogre (D:6)
  A death yak (D:7)
  Sigmund (D:3)
  A steam dragon (D:7)
  An acid dragon (D:6)
  2 black bears
  3 ice beasts
  2 sky beasts (D:7)
  3 ogres
  A centaur (D:6)
  A phantom (D:5)
  4 kobold brigands
  2 bullfrogs
  A gnoll sergeant (D:8)
  3 scorpions
  12 wights
  5 killer bees
  A howler monkey (D:4)
  A jelly (D:8)
  A gnoll bouda (D:6)
  4 hounds
  7 orc priests
  Crazy Yiuf (D:3)
  Jessica (D:2)
  4 iguanas
  2 sleepcaps (D:5)
  6 orc wizards
  Natasha (thrice) (D:3)
  Ijyb (D:3)
  10 gnolls
  8 adders
  3 shadow imps
  7 white imps
  An ufetubus (D:5)
  A worm (D:4)
  3 dart slugs
  26 orcs
  8 ball pythons
  7 bats
  10 endoplasms
  3 giant cockroaches
  12 goblins
  6 hobgoblins
  2 jackals (D:2)
  18 kobolds
  4 quokkas
  4 frilled lizards
  5 rats
214 creatures vanquished.

Notes
Turn   | Place    | Note
-------+----------+-------------------------------------------
     0 | D:1      | Dittersdorf the Gargoyle Fighter began the quest for the
                  | Orb.
     0 | D:1      | Reached XP level 1. HP: 14/14 MP: 1/1
   238 | D:1      | Reached XP level 2. HP: 7/19 MP: 2/2
   514 | D:1      | Reached XP level 3. HP: 20/23 MP: 3/3
   696 | D:1      | Found a faded altar of an unknown god.
  1413 | D:2      | Noticed Jessica
  1424 | D:2      | Killed Jessica
  1425 | D:2      | Reached XP level 4. HP: 26/29 MP: 4/4
  1842 | D:3      | Found the +2 pair of slick slippers {slick, slippery, EV+4}
  1969 | D:3      | Found a burning altar of Makhleb.
  1975 | D:3      | Reached XP level 5. HP: 33/33 MP: 5/5
  2005 | D:3      | Noticed Ijyb
  2021 | D:3      | Killed Ijyb
  2141 | D:3      | Noticed Sigmund
  2215 | D:3      | Killed Sigmund
  2216 | D:3      | Reached XP level 6. HP: 12/39 MP: 6/6
  2343 | D:3      | Found an iron altar of Okawaru.
  2351 | D:3      | Became a worshipper of Warmaster Okawaru
  2364 | D:3      | Noticed Natasha
  2374 | D:3      | Killed Natasha
  2393 | D:3      | Found a white marble altar of Elyvilon.
  2464 | D:3      | Noticed Natasha
  2471 | D:3      | Killed Natasha
  2685 | D:3      | Noticed Natasha
  2690 | D:3      | Killed Natasha
  2691 | D:3      | Reached skill level 5 in Armour
  2780 | D:3      | Found a runed translucent door.
  2781 | D:3      | Noticed Crazy Yiuf
  2946 | D:3      | Killed Crazy Yiuf
  3116 | D:4      | Reached skill level 5 in Fighting
  3116 | D:4      | Reached skill level 5 in Shields
  3116 | D:4      | Reached XP level 7. HP: 44/44 MP: 7/7
  3138 | D:4      | Reached * piety under Okawaru
  3214 | D:4      | Identified the +4 plate armour of the Trees {rElec Dex+5
                  | Slay-5}
  3285 | D:4      | Found a runed translucent door.
  3307 | D:4      | Noticed Sundig's ghost (amateur HuFi)
  3434 | D:4      | Found a sparkling altar of Nemelex Xobeh.
  3635 | D:5      | Entered Level 5 of the Dungeon
  3841 | D:5      | Reached XP level 8. HP: 51/51 MP: 8/8
  3929 | D:5      | Reached skill level 5 in Maces & Flails
  4034 | D:5      | Reached ** piety under Okawaru
  4101 | D:5      | Reached skill level 1 in Dodging
  4460 | D:6      | Found Diel's Antique Armour Shoppe.
  4543 | D:6      | Reached XP level 9. HP: 22/56 MP: 9/9
  4729 | D:6      | Reached *** piety under Okawaru
  4743 | D:6      | Noticed a two-headed ogre
  4750 | D:6      | Killed a two-headed ogre
  5193 | D:7      | Found a staircase to the Ecumenical Temple.
  5226 | D:7      | Reached skill level 5 in Dodging
  5491 | D:7      | Noticed a boulder beetle
  5492 | D:7      | Noticed a two-headed ogre
  5692 | D:7      | Reached **** piety under Okawaru
  5832 | D:7      | Reached XP level 10. HP: 47/64 MP: 10/10
  5901 | D:7      | Found a basalt altar of Yredelemnul.
  6901 | D:8      | Found a staircase to the Lair.
  6901 | D:8      | Noticed a death yak
  6902 | D:8      | Noticed a death yak
  6911 | D:8      | Noticed a death yak
  6911 | D:8      | Noticed a death yak
  6912 | D:8      | Noticed a death yak
  6912 | D:8      | Noticed a death yak
  6952 | D:7      | Killed a death yak
  7124 | D:7      | Gained mutation: You do not regenerate when monsters are
                  | visible. [potion of mutation]
  7141 | D:7      | HP: 4/99 [death yak (2)]
  7142 | D:7      | Lost mutation: You do not regenerate when monsters are
                  | visible. [potion of mutation]
  7142 | D:7      | Gained mutation: You are dopey. (Int -2) [potion of
                  | mutation]
  7142 | D:7      | Lost mutation: You are dopey. (Int -2) [potion of mutation]
  7142 | D:7      | Gained mutation: Your flesh is heat resistant. (rF+)
                  | [potion of mutation]
  7142 | D:7      | Gained mutation: Your flesh is very heat resistant. (rF++)
                  | [potion of mutation]
  7143 | D:7      | Lost mutation: Your flesh is very heat resistant. (rF++)
                  | [potion of mutation]
  7143 | D:7      | Lost mutation: Your flesh is heat resistant. (rF+) [potion
                  | of mutation]
  7143 | D:7      | Gained mutation: You are frail. (-10% HP) [potion of
                  | mutation]
  7143 | D:7      | Gained mutation: You do not regenerate when monsters are
                  | visible. [potion of mutation]
  7144 | D:7      | HP: 1/88 [death yak (4)]
  7147 | D:7      | Demolished by a death yak

Illustrated notes

Levels and vault maps discovered:
D:1:      ncdulo_wetmaze, layout_basic, dreamdust_ecumenical_altar_sealed_demon
D:2:      layout_loops_cross, minmay_quadrilaterals, uniq_jessica
D:3:      layout_loops_ring, mainiacjoe_overflow_large_starburst,
          lemuel_round_altar, uniq_natasha, uniq_ijyb, uniq_crazy_yiuf_cottage,
          uniq_sigmund
D:4:      layout_rooms, nemelex_diamond_rough_becter, gammafunk_ghost_grave,
          kennysheep_decorative_pillar
D:5:      layout_rooms, minmay_manual_maat
D:6:      layout_gridville, serial_shops, shop
D:7:      cheibrodos_barr_body, layout_basic, yredelemnul_altar_generic,
          minmay_temple_entry_glass, lightli_corner_chamber
D:8:      layout_gridville, dpeg_lair_monsters, hangedman_decor_riveting,
          sigmund_army

Skill      XL: |  1  2  3  4  5  6  7  8  9 10 |
---------------+-------------------------------+-----
Armour         | 4 5 6 |  6.3
Fighting       | 4 5 6 8 9 |  9.1
Shields        | 4 5 6 8 9 |  9.1
Maces & Flails | 3 4 5 7 8 |  8.0
Dodging        | 3 5 7 |  7.1

Action                     |  1- 3 |  4- 6 |  7- 9 | 10-12 || total
---------------------------+-------+-------+-------+-------++-------
  Melee: Flail             |   122 |   167 |   255 |       ||   544
         Morningstar       |       |       |   129 |   207 ||   336
 Invoke: Heroism           |       |       |       |     3 ||     3
  Evoke: Wand              |       |       |     3 |     4 ||     7
    Use: Potion            |       |       |       |    13 ||    13
         Scroll            |       |       |       |    11 ||    11
 Armour: Scale mail        |    74 |    87 |       |       ||   161
         Chain mail        |       |    17 |   217 |   164 ||   398
         Skin              |       |       |       |    17 ||    17
  Dodge: Dodged            |    43 |    58 |   183 |   180 ||   464
  Block: Buckler           |    42 |    73 |   221 |   173 ||   509
         Reflection        |       |     1 |     5 |     5 ||    11

Table legend: (Time is in decaauts)
 A = Elapsed time spent in this place.
 B = Non-inter-level travel time spent in this place.
 C = Inter-level travel time spent in this place.
 D = Time resting spent in this place.
 E = Time spent auto-exploring this place.
 F = Levels seen in this place.
 G = Mean time per level.
                   A        B        C        D        E       F      G
               +--------+--------+--------+--------+--------+-----+--------+
         Total |   7360 |   7128 |    232 |    994 |   4148 |   8 |  920.0 |
       Dungeon |   7360 |   7128 |    232 |    994 |   4148 |   8 |  920.0 |
               +--------+--------+--------+--------+--------+-----+--------+

Top non-repeatable levels by time:
     D:7: 1375 daAuts
     D:3: 1154 daAuts
     D:1: 1082 daAuts
     D:6: 965 daAuts
     D:2: 845 daAuts
     D:5: 753 daAuts
     D:4: 741 daAuts
     D:8: 441 daAuts
